 Dungeon Sprint DCSS version 0.26.1-2-gb8aa6d0cf2 (webtiles) character file.

Game seed: 5994969920892688302

223 sahdkjhfkaj the Skirmisher (level 6, -1/71 HPs)
             Began as an Ogre Transmuter on Mar 7, 2021.
             Was an Initiate of Gozag.
             Slain by a troll (14 damage)
             ... in the Dungeon (Sprint VII: "The Pits").
             The game lasted 00:02:10 (1032 turns).

sahdkjhfkaj the Skirmisher (Ogre Transmuter)        Turns: 1032, Time: 00:02:11

Health: -1/71      AC:  2    Str: 17    XL:     6   Next: 0%
Magic:  6/10       EV: 21    Int: 14    God:    Gozag
Gold:   1143       SH:  0    Dex: 14    Spells: 2/11 levels left

rFire    . . .     SeeInvis .     - Unarmed
rCold    . . .     Faith    .   (shield currently unavailable)
rNeg     . . .     Spirit   .   (armour currently unavailable)
rPois    x         Reflect  .   (helmet currently unavailable)
rElec    .         Harm     .   (cloak currently unavailable)
rCorr    .         Rampage  .   (gloves unavailable)
Will     .....     NoTele   +   (boots unavailable)
Stlth    +.........             (no amulet)
HPRegen  0.21/turn              (no ring)
MPRegen  0.12/turn              (no ring)

@: spider-form
A: tiny, unfitting armour
a: End Transformation, Renounce Religion, Potion Petition, Call Merchant, Bribe
Branch


You were in the Dungeon.
You worshipped Gozag.
Gozag was most pleased with you.
You were a venomous arachnid creature.
You visited 1 branch You collected 1143 gold pieces.

Inventory:

Armour
 a - a +0 robe (melded)
Scrolls
 h - a scroll of blinking {!r}
 i - 3 scrolls of remove curse {!r}
 j - 5 scrolls of amnesia {!r}
Potions
 b - 2 potions of invisibility {!q}
 c - 5 potions of curing {!q}
 d - 6 potions of heal wounds {!q}
 e - a potion of haste {!q}
 f - 4 potions of magic {!q}
 g - 3 potions of berserk rage {!q}


   Skills:
 - Level 7.5 Fighting
 + Level 3.6 Dodging
 - Level 5.8 Unarmed Combat
 - Level 3.0 Spellcasting
 - Level 5.0 Transmutations
 - Level 5.0 Poison Magic


You had 2 spell levels left.
You knew the following spells:

 Your Spells              Type           Power        Failure   Level
a - Beastly Appendage     Tmut           32%          10%         1
x - Spider Form           Tmut/Pois      8%           22%         3
z - Blade Hands           Tmut           8%           78%         5

Your spell library contained the following spells:

 Spells                   Type           Power        Failure   Level
 Wereblood                Tmut           16%          13%         2
 Ice Form                 Ice/Tmut       9%           78%         4


Dungeon Overview and Level Annotations

Branches:
Dungeon (1/1)

Altars:
Ashenzari
Cheibriados
Dithmenos
Elyvilon
Fedhas
Gozag
Hepliaklqana
Kikubaaqudgha
Makhleb
Nemelex Xobeh
Okawaru
Qazlal
Ru
Sif Muna
Trog
Uskayaw
Vehumet
Wu Jian
Xom
Yredelemnul
Zin
The Shining One
Beogh
Jiyva
Lugonu


Innate Abilities, Weirdness & Mutations

You are too large for most types of armour.
((You have tough skin. (AC +1)))


Message History

Your transformation is almost over.
Unknown command.
There is an open door, spattered with blood here.
Things that are here:
a +0 hand axe; a +0 leather armour
Items here: )) [[.
Things that are here:
a +0 club; a +0 club; a +0 leather armour Your transformation has ended.
Your +0 robe unmelds from your body.
Things that are here:
a +4 dagger of venom; 3 boomerangs
Casting: Spider Form (dangerous; 9% risk of failure)
Confirm with . or Enter, or press ? or * to list all spells.
You turn into a venomous arachnid creature.
Your +0 robe melds into your body.
The troll bites you!
* * * LOW HITPOINT WARNING * * *
The troll claws you!
You die...
Your body crumbles into a pile of gold.

#_________.#
#_________.#
#_______...#######
##########'##.....
#.?(.')))'.##.....
##########.##.....
#...........'.....
#'#####'#####.....
#s#...#.#[[##.....
#T#...#.#))#####'#
#.#...'.#))##.....
#.##'####))##.....
#.#.....#..##.....
#)#.....#'###...<.
#)#........##.....
#)#........##.....
#'###########.....


You could see a troll (very poisoned).

Vanquished Creatures
  A wolf (D)
  An ooze (D)
  A leopard gecko (D)
  2 orcs (D)
  A bat (D)
  A goblin (D)
  5 jackals (D)
  A quokka (D)
  2 frilled lizards (D)
15 creatures vanquished.

Vanquished Creatures (collateral kills)
  An orc warrior (D)
  A black bear (D)
  A wolf (D)
  3 orcs (D)
  A hobgoblin (D)
7 creatures vanquished.

Grand Total: 22 creatures vanquished

Notes
Turn   | Place    | Note
-------+----------+-------------------------------------------
     0 | D        | sahdkjhfkaj the Ogre Transmuter began the quest for the
                  | Orb.
     0 | D        | Reached XP level 1. HP: 19/19 MP: 3/3
    14 | D        | Reached skill level 2 in Fighting
    17 | D        | Found a bloodstained altar of Trog.
    17 | D        | Found a shimmering blue altar of Sif Muna.
    17 | D        | Found a viscous altar of Jiyva.
    17 | D        | Found a hazy altar of Hepliaklqana.
    17 | D        | Found an opulent altar of Gozag.
    18 | D        | Found a glowing golden altar of the Shining One.
    18 | D        | Found a glowing silver altar of Zin.
    18 | D        | Found a basalt altar of Yredelemnul.
    18 | D        | Found a shimmering altar of Xom.
    18 | D        | Found an ornate altar of the Wu Jian Council.
    18 | D        | Found a sacrificial altar of Ru.
    18 | D        | Found a stormy altar of Qazlal.
    18 | D        | Found an iron altar of Okawaru.
    18 | D        | Found a sparkling altar of Nemelex Xobeh.
    18 | D        | Found a burning altar of Makhleb.
    18 | D        | Found a blossoming altar of Fedhas.
    18 | D        | Found a white marble altar of Elyvilon.
    18 | D        | Found a shadowy altar of Dithmenos.
    18 | D        | Found a snail-covered altar of Cheibriados.
    19 | D        | Found a radiant altar of Vehumet.
    19 | D        | Found a corrupted altar of Lugonu.
    19 | D        | Found a roughly hewn altar of Beogh.
    20 | D        | Found an ancient bone altar of Kikubaaqudgha.
    20 | D        | Found a hide-covered altar of Uskayaw.
    20 | D        | Found a broken altar of Ashenzari.
    23 | D        | Became a worshipper of Gozag Ym Sagoz the Greedy
    93 | D        | Reached skill level 3 in Fighting
   249 | D        | Reached skill level 4 in Fighting
   249 | D        | Reached XP level 2. HP: 5/32 MP: 3/5
   648 | D        | Noticed an orc warrior
   648 | D        | Noticed a black bear
   649 | D        | Noticed a wolf
   656 | D        | Reached skill level 5 in Fighting
   657 | D        | Noticed a wolf
   662 | D        | Killed a black bear
   663 | D        | Reached skill level 7 in Fighting
   663 | D        | Reached skill level 5 in Unarmed Combat
   663 | D        | Reached XP level 3. HP: 13/46 MP: 3/6
   663 | D        | Reached XP level 4. HP: 16/55 MP: 3/7
   667 | D        | Learned a level 3 spell: Spider Form
   670 | D        | Killed an orc warrior
   671 | D        | Reached XP level 5. HP: 19/62 MP: 4/9
   675 | D        | Killed a wolf
   691 | D        | Killed a wolf
   692 | D        | Reached skill level 5 in Transmutations
   692 | D        | Reached skill level 5 in Poison Magic
   975 | D        | Reached XP level 6. HP: 71/71 MP: 6/10
   981 | D        | Learned a level 5 spell: Blade Hands
  1010 | D        | Noticed a troll
  1032 | D        | Slain by a troll

Illustrated notes

Levels and vault maps discovered:
D:        pitsprint [storerooms_1, entrance_room_1, metal_vault_4, armoury_1,
          mini_pit_1, grid_room_1, main_hall_1, silver_pit, the_coven_1,
          the_vestibule_1, steel_vault_5, golden_pit, hallway_of_sentries,
          crystal_vault_3, iron_vault_4, final_vault]

Skill      XL: |  1  2  3  4  5 |
---------------+----------------+-----
Fighting       | 4 7 |  7.5
Unarmed Combat | 3 5 |  5.8
Spellcasting   | 3 |  3.0
Transmutations | 3 5 |  5.0
Poison Magic   | 2 5 |  5.0
Dodging        | 3 |  3.6

Action                   |  1- 3 |  4- 6 || total
-------------------------+-------+-------++-------
Melee: Unarmed           |    41 |    10 ||    51
       Kick              |     6 |       ||     6
       Headbutt          |     3 |       ||     3
       Punch             |     1 |       ||     1
 Cast: Beastly Appendage |    10 |       ||    10
       Spider Form       |       |     4 ||     4
  Use: Potion            |     1 |       ||     1
       Scroll            |     1 |       ||     1
 Stab: Sleeping          |       |     1 ||     1
Armor: Robe              |    22 |       ||    22
Dodge: Dodged            |    35 |    13 ||    48
